 Dungeon Crawl Stone Soup version 0.28-a0-751-gef3a642a4e (webtiles) character file.

Game seed: 4572332057007254980

137 funkygono the Firebug (level 5, -4/28 HPs)
             Began as a Gargoyle Fire Elementalist on Oct 30, 2021.
             Killed by nerve-wracking pain
             ... invoked by Grinder
              (5 damage)
             ... on level 3 of the Dungeon.
             The game lasted 00:03:54 (2633 turns).

funkygono the Firebug (Gargoyle Fire Elementalist)  Turns: 2633, Time: 00:03:54

Health: -4/28      AC:  5    Str: 11    XL:     5   Next: 20%
Magic:  1/9        EV: 11    Int: 17    God:
Gold:   158        SH:  0    Dex: 10    Spells: 4/10 levels left

rFire   . . .      SeeInvis .   m - +1 whip (pain)
rCold   . . .      Faith    .   (no shield)
rNeg    + . .      Spirit   .   b - +0 leather armour
rPois   ∞          Reflect  .   (no helmet)
rElec   +          Harm     .   (no cloak)
rCorr   .          Rampage  .   (no gloves)
Will    .....                   (no boots)
Stlth   ++........              (no amulet)
HPRegen 0.09/turn               (no ring)
MPRegen 0.11/turn               (no ring)

@: no status effects
A: sickness immunity, AC +4, negative energy resistance 1, electricity
resistance, torment resistance 1, petrification resistance, deformed body
a: no special abilities


You were on level 3 of the Dungeon.
You visited 1 branch of the dungeon, and saw 3 of its levels.

You collected 158 gold pieces.

Inventory:

Hand Weapons
 g - a +0 mace
 k - a +1 whip of electrocution
 m - a +1 whip of pain (weapon)
Missiles
 f - 40 stones
Armour
 a - a +0 robe
 b - a +0 leather armour (worn)
 e - a +0 ring mail
Magical Staves
 h - a staff of conjuration
 l - a staff of cold
Scrolls
 c - a scroll of identify


   Skills:
 * Level 1.4 Armour
 + Level 1.6 Dodging
 - Level 2.1 Stealth
 * Level 3.3 Spellcasting
 * Level 2.1 Conjurations
 * Level 4.2 Fire Magic


You had 4 spell levels left.
You knew the following spells:

 Your Spells              Type           Power      Damage    Failure   Level
a - Foxfire               Conj/Fire      52%        2x1d6     6%          1
b - Scorch                Fire           34%        2d6       6%          2
c - Conjure Flame         Conj/Fire      13%        6-21      19%         3

Your spell library contained the following spells:

 Spells                   Type           Power      Damage    Failure   Level
 Inner Flame              Hex/Fire       9%         N/A       28%         3
 Flame Wave               Conj/Fire      13%        3d5       52%         4


Dungeon Overview and Level Annotations

Branches:
Dungeon (3/15)

Altars:

Annotations:
D:3 Grinder


Innate Abilities, Weirdness & Mutations

You are immune to sickness and miasma.
Your stone body is resilient. (AC +4)
You are immune to poison.
You resist negative energy. (rN+)
You are resistant to electric shocks. (rElec)
You are resistant to unholy torment.
You are immune to petrification.
Armour fits poorly on your strangely shaped body.


Message History

You barely resist. Grinder gestures at you. Pain shoots through your body!
Grinder blinks!
You can move again.
You hit Grinder.
Grinder is heavily wounded.
Grinder gestures at you. Pain shoots through your body!
* * * LOW HITPOINT WARNING * * *
Grinder gestures at you. You resist with significant effort.
Casting: Foxfire (safe; 6% risk of failure)
Confirm with . or Enter, or press ? or * to list all spells.
You conjure some foxfire!
Grinder gestures at you.
You suddenly lose the ability to move!
The foxfire hits Grinder.
Grinder is severely wounded.
The foxfire hits Grinder.
Grinder is severely wounded.
Grinder hits you.
* * * LOW HITPOINT WARNING * * *
You writhe in agony.
* * * LOW HITPOINT WARNING * * *
You can move again.
Unknown command.
Really quaff the potion of mutation?
Okay, then.
Really quaff the potion of mutation?
You feel extremely strange.
You feel less energetic.
Your body twists and deforms.
You feel more energetic. Grinder closely misses you. Grinder gestures at you.
You shrug off the repeated paralysis!
Grinder blinks!
Grinder rolls her eyes.
Grinder gestures at you. Pain shoots through your body!
You die...

..##.# ###.##.# #...##.#
#......# #..§#############
#.......5.....).#
###....########.#
.######...)# #.# #.#
#.........@### #.# #.#
#..####....# #.# #.####...#
#....# #.# #.##.....###....#
#.# #.##......########## #.#
#.##....#)#......#.#######.#
##.##....#.#................#
......)............>#########
##.####.###.........#


You could see Grinder.

Vanquished Creatures
  An ogre (D:3)
  2 adders (D:2)
  A worm (D:2)
  A dart slug (D:2)
  An orc (D:3)
  3 endoplasms
  2 giant cockroaches
  3 goblins (D:2)
  3 hobgoblins
  3 ball pythons
  5 bats
  3 frilled lizards
  4 kobolds
  3 rats
35 creatures vanquished.

Vanquished Creatures (others)
  105 foxfires
105 creatures vanquished.

Grand Total: 140 creatures vanquished

Notes
Turn   | Place    | Note
-------+----------+-------------------------------------------
     0 | D:1      | funkygono the Gargoyle Fire Elementalist began the quest
                  | for the Orb.
     0 | D:1      | Reached XP level 1. HP: 10/10 MP: 3/3
   404 | D:1      | Found a faded altar of an unknown god.
   484 | D:1      | Reached XP level 2. HP: 15/15 MP: 1/5
   539 | D:1      | Learned a level 2 spell: Scorch
  1526 | D:2      | Reached XP level 3. HP: 19/19 MP: 0/6
  1530 | D:2      | Learned a level 3 spell: Conjure Flame
  2373 | D:3      | Reached skill level 1 in Armour
  2426 | D:3      | Reached XP level 4. HP: 24/24 MP: 6/8
  2505 | D:3      | Noticed an ogre
  2514 | D:3      | Killed an ogre
  2515 | D:3      | Reached skill level 4 in Fire Magic
  2515 | D:3      | Reached XP level 5. HP: 28/28 MP: 3/9
  2587 | D:3      | Noticed Grinder
  2590 | D:3      | Paralysed by Grinder for 7 turns
  2619 | D:3      | Paralysed by Grinder for 6 turns
  2627 | D:3      | Paralysed by Grinder for 2 turns
  2628 | D:3      | HP: 1/28 [Grinder (2)]
  2629 | D:3      | Gained mutation: Your magical capacity is low. (-10% MP)
                  | [potion of mutation]
  2629 | D:3      | Gained mutation: Armour fits poorly on your strangely
                  | shaped body. [potion of mutation]
  2629 | D:3      | Lost mutation: Your magical capacity is low. (-10% MP)
                  | [potion of mutation]
  2633 | D:3      | Killed from afar by Grinder

Illustrated notes

Levels and vault maps discovered:
D:1:      minmay_arrival_three_doors, layout_basic,
          chequers_ecumenical_altar_grove
D:2:      layout_basic, serial_aquarium, aquarium_bridge_island_large
          [aquarium_subvault_large_4_pools, aquarium_subvault_wall,
          aquarium_subvault_wall, aquarium_subvault_bridge,
          aquarium_subvault_bridge], aquarium_window_2, aquarium_window_fake,
          aquarium_window_1, aquarium_view_2b
D:3:      layout_basic, uniq_grinder

Skill      XL: |  1  2  3  4 |
---------------+-------------+-----
Armour         | 1 |  1.4
Spellcasting   | 3 |  3.3
Conjurations   | 2 |  2.1
Fire Magic     | 4 |  4.2
Dodging        | |  1.6
Stealth        | |  2.1

Action                   |  1- 3 |  4- 6 || total
-------------------------+-------+-------++-------
Melee: Unarmed           |     1 |       ||     1
       Whip              |     4 |     3 ||     7
 Cast: Foxfire           |    50 |    15 ||    65
       Scorch            |     5 |     3 ||     8
  Use: Scroll            |     4 |       ||     4
       Potion            |       |     1 ||     1
Armor: Leather armour    |     9 |     2 ||    11
Dodge: Dodged            |     4 |     1 ||     5

Table legend: (Time is in decaauts)
 A = Elapsed time spent in this place.
 B = Non-inter-level travel time spent in this place.
 C = Inter-level travel time spent in this place.
 D = Time resting spent in this place.
 E = Time spent auto-exploring this place.
 F = Levels seen in this place.
 G = Mean time per level.
                   A        B        C        D        E       F      G
               +--------+--------+--------+--------+--------+-----+--------+
         Total |   2631 |   2414 |    217 |     67 |   2021 |   3 |  877.0 |
       Dungeon |   2631 |   2414 |    217 |     67 |   2021 |   3 |  877.0 |
               +--------+--------+--------+--------+--------+-----+--------+

Top non-repeatable levels by time:
     D:1: 1190 daAuts
     D:2: 1111 daAuts
     D:3: 330 daAuts
